 Dungeon Crawl Stone Soup version 0.25-a0-448-g1f46b9f (webtiles) character file.

Game seed: 17951077437342416042, levelgen mode: deterministic

431 relicbr the Summoner (level 6, -2/32 HPs)
             Began as a Deep Elf Summoner on Jan 31, 2020.
             Was an Initiate of Sif Muna.
             Slain by a wyvern skeleton (9 damage)
             ... on level 6 of the Dungeon.
             The game lasted 00:11:58 (4479 turns).

relicbr the Summoner (Deep Elf Summoner)            Turns: 4479, Time: 00:11:59

Health: -2/32      AC:  5    Str:  5    XL:     6   Next: 67%
Magic:  12/12      EV: 12    Int: 25    God:    Sif Muna [......]
Gold:   400        SH:  0    Dex: 22    Spells: 5/11 levels left

rFire    . . .     SeeInvis .   u - +4 flail "Qipexim" {vorpal, *Drain Int+3 Dex+3}
rCold    . . .     Gourm    .   (no shield)
rNeg     . . .     Faith    .   h - +0 leather armour
rPois    .         Spirit   .   j - +0 helmet
rElec    .         Reflect  .   (no cloak)
rCorr    .         Harm     .   w - +0 pair of gloves
MR       .....                  (no boots)
Stlth    +.........             v - amulet of regeneration
HPRegen  0.50/turn              k - +4 ring of dexterity
MPRegen  0.13/turn              s - ring of attention (curse)

@: lightly drained
A: no striking features
a: Renounce Religion


You were on level 6 of the Dungeon.
You worshipped Sif Muna.
Sif Muna was noncommittal.
You were not hungry.

You visited 1 branch of the dungeon, and saw 6 of its levels.

You collected 400 gold pieces.

Inventory:

Hand Weapons
 u - the +4 flail "Qipexim" (weapon) {vorpal, *Drain Int+3 Dex+3}
   (You found it on level 4 of the Dungeon)

   It inflicts extra damage upon your enemies.
   It affects your intelligence (+3).
   It affects your dexterity (+3).
   It causes draining when unequipped.
Missiles
 y - 7 poisoned darts (quivered)
Armour
 h - a +0 leather armour (worn)
 j - a +0 helmet (worn)
 w - a +0 pair of gloves (worn)
Magical Staves
 z - an uncursed staff of summoning {unknown}
Jewellery
 e - an uncursed ring of see invisible
 f - an uncursed amulet of the acrobat
 k - a +4 ring of dexterity (left hand)
 o - an uncursed amulet of guardian spirit
 s - a cursed ring of attention (right hand)
 v - an amulet of regeneration (around neck)
Wands
 q - a wand of paralysis (6)
 r - a wand of digging (7)
Scrolls
 i - 2 scrolls of teleportation
 n - a scroll of amnesia
 p - a scroll of fear
Potions
 a - a potion of invisibility
 d - 3 potions of might
 g - a potion of heal wounds
 l - 2 potions of haste
 m - a potion of flight
 t - a potion of resistance
 x - a potion of curing
 A - a potion of brilliance
Comestibles
 b - 3 chunks of flesh
 c - 5 rations


   Skills:
 - Level 2.4(2.2) Dodging
 - Level 2.4(2.2) Stealth
 - Level 3.0(2.7) Spellcasting
 * Level 8.9(8.6) Summonings


You had 5 spell levels left.
You knew the following spells:

 Your Spells              Type           Power        Failure   Level  Hunger
a - Call Imp              Summ           #####...     1%          2    ##.....
b - Summon Ice Beast      Ice/Summ       ####....     28%         4    ####...

Your spell library contained the following spells:

 Spells                   Type           Power        Failure   Level  Hunger
 Summon Small Mammal      Summ           ####         1%          1    None
 Call Canine Familiar     Summ           #####...     1%          3    ###....
 Summon Guardian Golem    Hex/Summ       ####....     9%          3    ###....
 Summon Lightning Spire   Summ/Air       ####....     28%         4    ####...


Dungeon Overview and Level Annotations

Branches:
Dungeon (6/15)
 Temple: D:4-7

Altars:
Elyvilon
Kikubaaqudgha
Ru
Sif Muna
The Shining One

Shops:
D:5 =

Annotations:
D:5 2 transporters, Lychonis's ghost, novice HuCj


Message History

The wyvern skeleton bites you.
You sock the wyvern skeleton!
The wyvern skeleton is severely damaged.
The wyvern skeleton bites you but does no damage.
The wyvern skeleton bites you!
Your leather armour prevents you from hitting the wyvern skeleton.
The wyvern skeleton is severely damaged.
The wyvern skeleton barely misses you. The wyvern skeleton bites you.
A jackal comes into view.
You hit the wyvern skeleton.
The wyvern skeleton is severely damaged.
The wyvern skeleton bites you!
* * * LOW HITPOINT WARNING * * *
The wyvern skeleton closely misses you.
You hit the wyvern skeleton.
The wyvern skeleton is almost destroyed.
The wyvern skeleton misses you.
A jackal comes into view. x2
The wyvern skeleton bites you!
You die...

. #h ... #...
h....
#####..#...
#..@Z......
#.###..#... #.#
.(... #)# #.#.
#.# ... #.## ##
#..######
##..<...#
#..............


You could see 2 jackals and a wyvern skeleton.

Vanquished Creatures
  A centaur (D:5)
  3 worker ants (D:5)
  An adder (D:5)
  A leopard gecko (D:4)
  2 orcs
  2 ball pythons
  5 bats
  3 giant cockroaches
  A hobgoblin (D:2)
  3 jackals
  2 quokkas (D:2)
  2 frilled lizards
  A kobold (D:1)
  4 rats
31 creatures vanquished.

Vanquished Creatures (collateral kills)
  Sigmund (D:2)
  A howler monkey (D:5)
  A jelly (D:5)
  2 orc wizards (D:4)
  A bullfrog skeleton (D:4)
  An iguana (D:4)
  A hound skeleton (D:5)
  2 adders
  4 gnolls (D:5)
  2 oozes
  4 worms
  A leopard gecko (D:2)
  7 orcs
  2 giant cockroaches (D:2)
  2 hobgoblins
  4 jackals
  4 kobolds
  2 bats
  2 goblins (D:3)
  2 rats (D:1)
46 creatures vanquished.

Vanquished Creatures (others)
  6 plants (D:5)
  3 toadstools (D:2)
9 creatures vanquished.

Grand Total: 86 creatures vanquished

Notes
Turn   | Place    | Note
-------+----------+-------------------------------------------
     0 | D:1      | relicbr the Deep Elf Summoner began the quest for the Orb.
     0 | D:1      | Reached XP level 1. HP: 10/10 MP: 6/6
   562 | D:1      | Reached XP level 2. HP: 15/15 MP: 5/8
   615 | D:1      | Learned a level 2 spell: Call Imp
   622 | D:1      | Reached skill level 5 in Summonings
   757 | D:2      | Noticed Sigmund
  1053 | D:2      | Killed Sigmund
  1053 | D:2      | Reached skill level 6 in Summonings
  1053 | D:2      | Reached XP level 3. HP: 19/19 MP: 4/9
  1053 | D:2      | Reached XP level 4. HP: 24/24 MP: 4/10
  2073 | D:3      | Reached skill level 7 in Summonings
  2073 | D:3      | Reached XP level 5. HP: 22/28 MP: 11/11
  2556 | D:3      | Found a glowing golden altar of the Shining One.
  3168 | D:4      | Found a shimmering blue altar of Sif Muna.
  3170 | D:4      | Found a white marble altar of Elyvilon.
  3174 | D:4      | Became a worshipper of Sif Muna the Loreminder
  3232 | D:4      | Found an ancient bone altar of Kikubaaqudgha.
  3236 | D:4      | Got a translucent flail
  3244 | D:4      | Identified the +4 flail "Qipexim" {vorpal, *Drain Int+3
                  | Dex+3} (You found it on level 4 of the Dungeon)
  3782 | D:5      | Entered Level 5 of the Dungeon
  3837 | D:5      | Found Visusec's Jewellery Emporium.
  3858 | D:5      | Reached skill level 8 in Summonings
  3867 | D:5      | Learned a level 4 spell: Summon Ice Beast
  3873 | D:5      | Reached XP level 6. HP: 32/32 MP: 8/12
  3930 | D:5      | Noticed Lychonis's ghost (novice HuCj)
  3943 | D:5      | Found a transporter.
  3956 | D:5      | Identified the cursed +1 trident of the Moon {chaos, +Rage
                  | rElec}
  3956 | D:5      | Identified the +8 scale mail of Vene {SInv}
  4109 | D:5      | Found a sacrificial altar of Ru.
  4205 | D:5      | Found a transporter.
  4479 | D:6      | Slain by a wyvern skeleton

Levels and vault maps discovered:
D:1:      lightli_arrival_windingriver, layout_rooms, item_on_display_b
D:2:      layout_loops_cross, minmay_gold_behind_fungi, uniq_sigmund
D:3:      layout_loops_ring, tso_altar
D:4:      layout_basic, old_standard_altar, gammafunk_temple_overflow_statue,
          minmay_misc_feat_doors
D:5:      layout_basic, serial_shops, nicolae_shop_competitors_out_of_business,
          first_ration, gammafunk_ghost_gnarly_gnolls,
          nicolae_ru_sacrificial_ziggurat
D:6:      layout_rooms, grunt_qazlal_clouds, trog_ov_bears_minmay,
          minmay_temple_entry_glass, biasface_ghost_orc_armoury, uniq_eustachio,
          uniq_edmund

Skill      XL: |  1  2  3  4  5 |
---------------+----------------+-----
Summonings     | 6 7 8 |  8.9
Dodging        | |  2.4
Stealth        | |  2.4
Spellcasting   | |  3.0

Action                   |  1- 3 |  4- 6 || total
-------------------------+-------+-------++-------
Melee: Spear             |    32 |       ||    32
       Short sword       |       |   118 ||   118
       Flail             |       |    25 ||    25
 Fire: Hunting sling     |     2 |       ||     2
 Cast: Summon Small Mamm |     6 |       ||     6
       Call Imp          |     8 |    42 ||    50
  Use: Scroll            |     3 |    13 ||    16
 Stab: Sleeping          |     1 |     2 ||     3
  Eat: Chunk             |       |    10 ||    10
       Ration            |       |     1 ||     1
Armor: Leather armour    |     8 |    33 ||    41
       Robe              |     1 |     3 ||     4
Dodge: Dodged            |    39 |   128 ||   167

Table legend:
 A = Non-vault XP
 B = Vault XP
 C = Vault XP percentage of total XP
 D = Non-vault monster count
 E = Vault monster count
 F = Vault count percentage of total count
                 A         B        C        D         E       F
            +---------+---------+-------+---------+---------+-------
      Total |     505 |     112 |  18.2 |      76 |       1 |   1.3
            +---------+---------+-------+---------+---------+-------
        D:1 |      19 |       0 |   0.0 |      12 |       0 |   0.0
        D:2 |      44 |     112 |  71.8 |      24 |       1 |   4.0
        D:3 |      29 |       0 |   0.0 |      16 |       0 |   0.0
        D:4 |      94 |       0 |   0.0 |       9 |       0 |   0.0
        D:5 |     316 |       0 |   0.0 |      14 |       0 |   0.0
        D:6 |       3 |       0 |   0.0 |       1 |       0 |   0.0
            +---------+---------+-------+---------+---------+-------
